Patriotes vs Senators

Created - 22 décembre 2016 at 23:41

Goals
1 2 3 T
Patriotes 0 0 1 1
Senators 2 1 1 4
Shots
1 2 3 T
Patriotes 8 4 10 22
Senators 18 10 11 39

1st period

1. Senators , Jaden Schwartz 8 (Josh Hennessy) at 3:06
2. Senators , Cody Hodgson 19 (Stanislav Chistov, Sergei Kostitsyn) at 15:34

Penalties :
Brett Skinner (Nyc) for Roughing (Minor) at 4:47, Brett Skinner (Nyc) for Holding (Minor) at 8:06

2nd period

3. Senators , Gabriel Bourque 6 (Shane Sims, Arturs Kulda) at 16:11

Penalties :
No Penalty

3rd period

4. Patriotes , Zack Stortini 2 (Timothy Kunes, Joe Charlebois) at 2:09
5. Senators , Jaden Schwartz 9 (Josh Hennessy, Arturs Kulda) at 7:26

Penalties :
Logan Stephenson (BIN) for Roughing (Minor) at 3:09, Timothy Kunes (Nyc) for Cross-checking (Minor) at 8:44, Timothy Kunes (Nyc) for Hooking (Minor) at 12:18

Goalie Stats

Marek Schwarz (Nyc), 35 saves from 39 shots - (0,897), L, 8-11-0, 60:00 minutes
Marc Denis (BIN), 21 saves from 22 shots - (0,955), W, 3-6-1, 60:00 minutes

Players Stats for Patriotes

Player Name              G  A  P  +/- PIM S  H  SB GA TA FO     MP     PP MP  PK MP  
------------------------------------------------------------------------------------
Anthony Bitetto          0  0  0  -1  0   2  0  1  0  0  0/0     8:28   0:00   0:00 
Austin Watson            0  0  0   0  0   0  0  0  0  1  0/0    10:52   0:00   1:38 
Brett Skinner            0  0  0  -2  4   2  0  2  0  0  0/0    23:48   0:56   2:11 
Fedor Fedorov            0  0  0   0  0   2  1  1  0  1  0/0    21:03   0:52   3:05 
Jared Knight             0  0  0   0  0   0  1  0  0  0  1/2    14:20   0:00   0:00 
Joe Charlebois           0  1  1   1  0   0  0  2  0  1  0/0    18:21   1:03   3:00 
Jordie Benn              0  0  0  -1  0   0  1  2  1  2  0/0    12:34   0:00   3:38 
Lauri Tukonen            0  0  0   0  0   0  1  1  0  0  0/0    16:57   0:52   0:00 
Matt Calvert             0  0  0   0  0   1  1  0  1  0  0/0    10:56   0:00   1:22 
Mattias Weinhandl        0  0  0  -2  0   3  2  0  3  0  1/2    23:38   1:07   4:26 
Nigel Williams           0  0  0  -1  0   1  0  0  0  0  0/0     9:32   0:00   0:54 
Robbie Russo             0  0  0   0  0   0  0  0  0  0  0/0     0:00   0:00   0:00 
Ryan Spooner             0  0  0   0  0   1  0  0  0  0  6/12   17:32   0:52   0:56 
Stephen Johns            0  0  0  -1  0   0  1  0  0  0  0/0     8:28   0:00   0:00 
Timothy Kunes            0  1  1   1  4   0  0  1  0  0  0/0    16:18   1:03   1:13 
Tom Preissing            0  0  0  -2  0   3  1  1  2  2  0/0    24:47   0:56   4:56 
Tomas Kurka              0  0  0  -3  0   3  3  2  0  2  6/11   23:32   1:07   4:25 
Zack Stortini            1  0  1  -1  0   2  1  0  0  0  0/0    14:11   0:00   0:00 
Zenon Konopka            0  0  0  -3  0   2  0  0  0  0  14/25  16:42   1:07   0:00 

Players Stats for Senators

Player Name              G  A  P  +/- PIM S  H  SB GA TA FO     MP     PP MP  PK MP  
------------------------------------------------------------------------------------
Andy Hilbert             0  0  0   0  0   1  1  0  1  0  1/1    13:25   3:35   1:07 
Arturs Kulda             0  2  2   2  0   2  3  0  1  3  0/0    21:37   4:15   0:53 
Cody Hodgson             1  0  1   0  0   5  4  1  2  0  9/24   21:23   4:17   0:26 
Gabriel Bourque          1  0  1   1  0   2  1  1  1  1  0/0    11:31   0:00   0:26 
Jack Skille              0  0  0   2  0   0  1  0  0  0  1/2    18:08   3:35   0:00 
Jaden Schwartz           2  0  2   2  0   3  0  0  1  0  0/0    13:41   0:04   0:00 
Josh Hennessy            0  2  2   2  0   3  4  0  0  0  5/10   18:08   3:35   0:00 
Logan Stephenson         0  0  0   0  2   1  3  0  0  0  0/0    26:17   3:41   0:00 
Marc-André Bernier       0  0  0   0  0   0  0  0  1  0  0/0     7:47   0:00   0:00 
Mark Olver               0  0  0   0  0   2  0  0  0  0  2/4     8:13   0:00   0:26 
Martin Marincin          0  0  0   1  0   0  0  0  0  0  0/0    12:07   0:00   1:06 
Matt Frattin             0  0  0   1  0   2  1  0  0  0  0/0    11:05   0:00   0:00 
Milan Jurcina            0  0  0   0  0   6  2  0  0  3  0/0    27:22   3:41   1:06 
Nick Bjugstad            0  0  0   1  0   2  2  0  0  0  3/5    11:05   0:00   0:00 
Patrick Wey              0  0  0   1  0   1  0  0  0  0  0/0    11:01   0:00   0:00 
Sergei Kostitsyn         0  1  1   0  0   6  1  0  1  0  2/3    22:06   4:21   1:07 
Shane Sims               0  1  1   2  0   0  1  3  1  0  0/0    21:37   4:15   0:53 
Stanislav Chistov        0  1  1   0  0   3  2  0  0  0  1/3    21:27   4:21   0:26 

3 Stars

1 - Jaden Schwartz (BIN)
2 - Josh Hennessy (BIN)
3 - Arturs Kulda (BIN)

Power Play

Patriotes - 0 on 1 Attempt(s) - 0,00%
Senators - 0 on 5 Attempt(s) - 0,00%

Penalty Kill

Patriotes - 5 on 5 Attempt(s) - 100,00% - Score 0 goal in Penalty Kill
Senators - 1 on 1 Attempt(s) - 100,00% - Score 0 goal in Penalty Kill

Team Stat

Patriotes - Hits : 13 - Faceoff Wins : 28 - Blocked Shots : 13 - Penalty Minutes : 8
Senators - Hits : 26 - Faceoff Wins : 24 - Blocked Shots : 5 - Penalty Minutes : 2

Official

Referees : Jackson Dave and Marouelli Dan
Linesman : Andy McElman and Jonny Murray

Game Notes

10:35 of 1st period - Penalty Shot by Fedor Fedorov for Patriotes - Stopped by Marc Denis
Matt Calvert is injured at 0:50 of 3rd period (Sprained Right Ankle)

Finance

Level 1 -- Attendance: 1379 (68,95%) -- Ticket Income 38 612 $
Level 2 -- Attendance: 723 (72,30%) -- Ticket Income 7 230 $
Total Attendance: 2102 (70,07%)
Total Ticket Income: 45 842 $
Other Income: 2 292 $
Total Income: 48 134 $

Patriotes

5 vs 5 Forward 
   Center                   Left Wing                Right Wing               Time % Phy DF OF 
 1 Zenon Konopka            Tomas Kurka              Mattias Weinhandl        40     1   2  2  
 2 Ryan Spooner             Fedor Fedorov            Lauri Tukonen            30     1   2  2  
 3 Jared Knight             Matt Calvert             Zack Stortini            20     1   2  2  
 4 Tomas Kurka              Austin Watson            Mattias Weinhandl        10     1   2  2  

5 vs 5 Defense 
   Defense                  Defense                                           Time % Phy DF OF 
 1 Tom Preissing            Brett Skinner                                     40     1   2  2  
 2 Timothy Kunes            Joe Charlebois                                    30     1   2  2  
 3 Jordie Benn              Nigel Williams                                    20     1   2  2  
 4 Anthony Bitetto          Stephen Johns                                     10     1   2  2  

PowerPlay Forward 
   Center                   Left Wing                Right Wing               Time % Phy DF OF 
 1 Zenon Konopka            Tomas Kurka              Mattias Weinhandl        60     1   2  2  
 2 Ryan Spooner             Fedor Fedorov            Lauri Tukonen            40     1   2  2  

PowerPlay Defense
   Defense                  Defense                                           Time % Phy DF OF 
 1 Tom Preissing            Brett Skinner                                     60     1   2  2  
 2 Timothy Kunes            Joe Charlebois                                    40     1   2  2  

Penalty Kill 4 Players Forward 
   Center                   Wing                     Time % Phy DF OF 
 1 Tomas Kurka              Mattias Weinhandl        60     1   2  2  
 2 Fedor Fedorov            Matt Calvert             40     1   2  2  

Penalty Kill 4 Players Defense
   Defense                  Defense                  Time % Phy DF OF 
 1 Tom Preissing            Brett Skinner            60     1   2  2  
 2 Timothy Kunes            Joe Charlebois           40     1   2  2  

Penalty Kill - 3 Players Forward 
   Forward                                           Time % Phy DF OF 
 1 Tomas Kurka                                       60     1   2  2  
 2 Mattias Weinhandl                                 40     1   2  2  

Penalty Kill - 3 Players Defense
   Defense                  Defense                  Time % Phy DF OF 
 1 Tom Preissing            Brett Skinner            60     1   2  2  
 2 Timothy Kunes            Joe Charlebois           40     1   2  2  

4 vs 4 Forward 
   Center                   Wing                     Time % Phy DF OF 
 1 Tomas Kurka              Mattias Weinhandl        60     1   2  2  
 2 Fedor Fedorov            Matt Calvert             40     1   2  2  

4 vs 4 Defense
   Defense                  Defense                  Time % Phy DF OF 
 1 Tom Preissing            Brett Skinner            60     1   2  2  
 2 Timothy Kunes            Joe Charlebois           40     1   2  2  

Last Minutes Offensive
   Center                   Left Wing                Right Wing               Defense                  Defense                  
   Zenon Konopka            Tomas Kurka              Mattias Weinhandl        Tom Preissing            Brett Skinner            

Last Minutes Defensive
   Center                   Left Wing                Right Wing               Defense                  Defense                  
   Zenon Konopka            Tomas Kurka              Mattias Weinhandl        Tom Preissing            Brett Skinner            

Goaltenders
Starting : Marek Schwarz            
Backup : Jason Missiaen           

Extra Forwards
Normal : Zack Stortini, Jared Knight, Austin Watson - PP : Zack Stortini, Jared Knight - PK : Austin Watson
Extra Defensemen
Normal : Robbie Russo, Jordie Benn, Nigel Williams - PP : Robbie Russo - PK : Jordie Benn, Nigel Williams
Penalty Shots
Tomas Kurka, Mattias Weinhandl, Fedor Fedorov, Matt Calvert, Lauri Tukonen

Senators

5 vs 5 Forward 
   Center                   Left Wing                Right Wing               Time % Phy DF OF 
 1 Cody Hodgson             Sergei Kostitsyn         Stanislav Chistov        40     1   2  2  
 2 Josh Hennessy            Jaden Schwartz           Jack Skille              30     1   2  2  
 3 Nick Bjugstad            Gabriel Bourque          Matt Frattin             20     1   2  2  
 4 Mark Olver               Andy Hilbert             Marc-André Bernier       10     1   2  2  

5 vs 5 Defense 
   Defense                  Defense                                           Time % Phy DF OF 
 1 Logan Stephenson         Milan Jurcina                                     40     1   2  2  
 2 Arturs Kulda             Shane Sims                                        30     1   2  2  
 3 Patrick Wey              Martin Marincin                                   20     1   2  2  
 4 Logan Stephenson         Milan Jurcina                                     10     1   2  2  

PowerPlay Forward 
   Center                   Left Wing                Right Wing               Time % Phy DF OF 
 1 Cody Hodgson             Sergei Kostitsyn         Stanislav Chistov        60     0   2  3  
 2 Josh Hennessy            Andy Hilbert             Jack Skille              40     0   2  3  

PowerPlay Defense
   Defense                  Defense                                           Time % Phy DF OF 
 1 Logan Stephenson         Milan Jurcina                                     60     1   2  2  
 2 Arturs Kulda             Shane Sims                                        40     1   2  2  

Penalty Kill 4 Players Forward 
   Center                   Wing                     Time % Phy DF OF 
 1 Sergei Kostitsyn         Andy Hilbert             60     1   2  2  
 2 Cody Hodgson             Stanislav Chistov        40     1   2  2  

Penalty Kill 4 Players Defense
   Defense                  Defense                  Time % Phy DF OF 
 1 Logan Stephenson         Milan Jurcina            60     1   2  2  
 2 Arturs Kulda             Shane Sims               40     1   2  2  

Penalty Kill - 3 Players Forward 
   Forward                                           Time % Phy DF OF 
 1 Sergei Kostitsyn                                  60     1   2  2  
 2 Andy Hilbert                                      40     1   2  2  

Penalty Kill - 3 Players Defense
   Defense                  Defense                  Time % Phy DF OF 
 1 Logan Stephenson         Milan Jurcina            60     1   2  2  
 2 Arturs Kulda             Shane Sims               40     1   2  2  

4 vs 4 Forward 
   Center                   Wing                     Time % Phy DF OF 
 1 Sergei Kostitsyn         Andy Hilbert             60     1   2  2  
 2 Cody Hodgson             Stanislav Chistov        40     1   2  2  

4 vs 4 Defense
   Defense                  Defense                  Time % Phy DF OF 
 1 Logan Stephenson         Milan Jurcina            60     1   2  2  
 2 Arturs Kulda             Shane Sims               40     1   2  2  

Last Minutes Offensive
   Center                   Left Wing                Right Wing               Defense                  Defense                  
   Cody Hodgson             Sergei Kostitsyn         Stanislav Chistov        Logan Stephenson         Milan Jurcina            

Last Minutes Defensive
   Center                   Left Wing                Right Wing               Defense                  Defense                  
   Cody Hodgson             Sergei Kostitsyn         Stanislav Chistov        Logan Stephenson         Milan Jurcina            

Goaltenders
Starting : Marc Denis               
Backup : Jeff Frazee              

Extra Forwards
Normal : Jaden Schwartz, Gabriel Bourque, Mark Olver - PP : Jaden Schwartz, Gabriel Bourque - PK : Mark Olver
Extra Defensemen
Normal : Patrick Wey, Martin Marincin, Arturs Kulda - PP : Patrick Wey - PK : Martin Marincin, Arturs Kulda
Penalty Shots
Sergei Kostitsyn, Andy Hilbert, Cody Hodgson, Stanislav Chistov, Josh Hennessy

% Time on Ice - Patriotes

Lines # - Real PCT - Wanted PCT - Time Play
Normal Forward
1 - 33% - 40% - 16:24
2 - 30% - 30% - 15:06
3 - 28% - 20% - 14:09
4 - 9% - 10% - 4:26
Normal Defense
1 - 38% - 40% - 18:55
2 - 28% - 30% - 14:04
3 - 17% - 20% - 8:38
4 - 17% - 10% - 8:28
PP Forward
1 - 56% - 60% - 1:07
2 - 44% - 40% - 0:52
PP Defense
1 - 47% - 60% - 0:56
2 - 53% - 40% - 1:03
PK Forward
1 - 73% - 60% - 5:47
2 - 27% - 40% - 2:09
PK Defense
1 - 62% - 60% - 4:56
2 - 38% - 40% - 3:00
PK3 Forward
1 - 0% - 60%
2 - 0% - 40%
PK3 Defense
1 - 0% - 60%
2 - 0% - 40%
44 Forward
1 - 0% - 60%
2 - 0% - 40%
44 Defense
1 - 0% - 60%
2 - 0% - 40%
Last Minute Offensive  - 0:00
Last Minute Defensive  - 0:00
Total
Forward - 60:00
Defense - 60:00

% Time on Ice - Senators

Lines # - Real PCT - Wanted PCT - Time Play
Normal Forward
1 - 33% - 40% - 16:38
2 - 29% - 30% - 14:35
3 - 22% - 20% - 11:05
4 - 16% - 10% - 7:47
Normal Defense
1 - 40% - 40% - 19:54
2 - 33% - 30% - 16:29
3 - 22% - 20% - 11:01
4 - 5% - 10% - 2:41
PP Forward
1 - 55% - 60% - 4:21
2 - 45% - 40% - 3:35
PP Defense
1 - 46% - 60% - 3:41
2 - 54% - 40% - 4:15
PK Forward
1 - 78% - 60% - 1:33
2 - 22% - 40% - 0:26
PK Defense
1 - 55% - 60% - 1:06
2 - 45% - 40% - 0:53
PK3 Forward
1 - 0% - 60%
2 - 0% - 40%
PK3 Defense
1 - 0% - 60%
2 - 0% - 40%
44 Forward
1 - 0% - 60%
2 - 0% - 40%
44 Defense
1 - 0% - 60%
2 - 0% - 40%
Last Minute Offensive  - 0:00
Last Minute Defensive  - 0:00
Total
Forward - 60:00
Defense - 60:00

Play by Play

1st period


0:01 of 1st period - Zenon Konopka wins face-off versus Stanislav Chistov in neutral zone.
0:08 of 1st period - Snap shot by Mattias Weinhandl.
0:08 of 1st period - Deflect By Zenon Konopka.
0:08 of 1st period - Stopped by Marc Denis without a rebound.
0:09 of 1st period - Zenon Konopka wins face-off versus Cody Hodgson in Senators zone.
0:12 of 1st period - Snap shot by Tomas Kurka.
0:12 of 1st period - Stopped by Marc Denis without a rebound.
0:13 of 1st period - Josh Hennessy wins face-off versus Ryan Spooner in Senators zone.
0:38 of 1st period - Joe Charlebois is hit by Gabriel Bourque and loses puck.
1:06 of 1st period - Joe Charlebois is hit by Stanislav Chistov and loses puck.
2:07 of 1st period - Logan Stephenson is hit by Stephen Johns and loses puck.
2:24 of 1st period - Snap shot by Cody Hodgson.
2:24 of 1st period - Stopped by Marek Schwarz with a rebound.
2:48 of 1st period - Wrist shot by Mark Olver.
2:48 of 1st period - Stopped by Marek Schwarz without a rebound.
2:49 of 1st period - Zenon Konopka wins face-off versus Cody Hodgson in Patriotes zone.
3:00 of 1st period - Slapshot by Sergei Kostitsyn.
3:00 of 1st period - Stopped by Marek Schwarz with a rebound.
3:02 of 1st period - Backhand shot by Sergei Kostitsyn.
3:02 of 1st period - Stopped by Marek Schwarz without a rebound.
3:03 of 1st period - Josh Hennessy wins face-off versus Zenon Konopka in Patriotes zone.
3:04 of 1st period - Snap shot by Jaden Schwartz.
3:04 of 1st period - Shot Blocked by Tomas Kurka.
3:06 of 1st period - Wrist shot by Jaden Schwartz.
3:06 of 1st period - Goal by Jaden Schwartz - Patriotes : 0 - Senators : 1.
3:07 of 1st period - Zenon Konopka wins face-off versus Josh Hennessy in neutral zone.
3:32 of 1st period - Tom Preissing is hit by Milan Jurcina and loses puck.
3:41 of 1st period - Slapshot by Brett Skinner.
3:41 of 1st period - Stopped by Marc Denis without a rebound.
3:42 of 1st period - Zenon Konopka wins face-off versus Nick Bjugstad in Senators zone.
3:47 of 1st period - Wrist shot by Tomas Kurka.
3:47 of 1st period - Shot Misses the Net.
3:49 of 1st period - Slapshot by Tomas Kurka.
3:49 of 1st period - Deflect By Mattias Weinhandl.
3:49 of 1st period - Stopped by Marc Denis with a rebound.
3:51 of 1st period - Slapshot by Zenon Konopka.
3:51 of 1st period - Stopped by Marc Denis with a rebound.
3:53 of 1st period - Slapshot by Nigel Williams.
3:53 of 1st period - Stopped by Marc Denis with a rebound.
3:55 of 1st period - Wrist shot by Tomas Kurka.
3:55 of 1st period - Stopped by Marc Denis without a rebound.
3:56 of 1st period - Cody Hodgson wins face-off versus Ryan Spooner in Senators zone.
4:21 of 1st period - Milan Jurcina is hit by Tomas Kurka and loses puck.
4:47 of 1st period - Minor Penalty to Brett Skinner for Roughing.
4:48 of 1st period - Tomas Kurka wins face-off versus Cody Hodgson in Patriotes zone.
4:52 of 1st period - Wrist shot by Stanislav Chistov.
4:52 of 1st period - Shot Misses the Net.
5:00 of 1st period - Snap shot by Tomas Kurka.
5:00 of 1st period - Stopped by Marc Denis without a rebound.
5:01 of 1st period - Cody Hodgson wins face-off versus Tomas Kurka in Senators zone.
6:09 of 1st period - Mattias Weinhandl is hit by Shane Sims and loses puck.
6:20 of 1st period - Andy Hilbert is hit by Jordie Benn and loses puck.
6:47 of 1st period - Penalty to Brett Skinner is over, Brett Skinner is back on ice.
6:52 of 1st period - Brett Skinner is hit by Nick Bjugstad and loses puck.
7:48 of 1st period - Off-side.
7:49 of 1st period - Mark Olver wins face-off versus Jared Knight in neutral zone.
7:54 of 1st period - Snap shot by Mark Olver.
7:54 of 1st period - Shot Misses the Net.
7:56 of 1st period - Slapshot by Arturs Kulda.
7:56 of 1st period - Stopped by Marek Schwarz with a rebound.
7:58 of 1st period - Slapshot by Mark Olver.
7:58 of 1st period - Shot Misses the Net.
8:06 of 1st period - Minor Penalty to Brett Skinner for Holding.
8:07 of 1st period - Tomas Kurka wins face-off versus Cody Hodgson in Patriotes zone.
9:22 of 1st period - Icing by Logan Stephenson.
9:23 of 1st period - Josh Hennessy wins face-off versus Tomas Kurka in Senators zone.
10:06 of 1st period - Penalty to Brett Skinner is over, Brett Skinner is back on ice.
10:17 of 1st period - Wrist shot by Gabriel Bourque.
10:17 of 1st period - Shot Blocked by Tom Preissing.
10:19 of 1st period - Snap shot by Arturs Kulda.
10:19 of 1st period - Stopped by Marek Schwarz without a rebound.
10:20 of 1st period - Nick Bjugstad wins face-off versus Ryan Spooner in Patriotes zone.
10:21 of 1st period - Wrist shot by Gabriel Bourque.
10:21 of 1st period - Deflect By Matt Frattin.
10:21 of 1st period - Stopped by Marek Schwarz with a rebound.
10:23 of 1st period - Slapshot by Milan Jurcina.
10:23 of 1st period - Shot Blocked by Timothy Kunes.
10:25 of 1st period - Slapshot by Nick Bjugstad.
10:25 of 1st period - Stopped by Marek Schwarz with a rebound.
10:27 of 1st period - Slapshot by Gabriel Bourque.
10:27 of 1st period - Shot Misses the Net.
10:29 of 1st period - Slapshot by Logan Stephenson.
10:29 of 1st period - Shot Blocked by Joe Charlebois.
10:31 of 1st period - Wrist shot by Nick Bjugstad.
10:31 of 1st period - Stopped by Marek Schwarz without a rebound.
10:32 of 1st period - Ryan Spooner wins face-off versus Cody Hodgson in Patriotes zone.
10:32 of 1st period - Ryan Spooner is hit by Cody Hodgson.
10:35 of 1st period - Penalty Shot by Fedor Fedorov for Patriotes.
10:35 of 1st period - Wrist shot by Fedor Fedorov.
10:35 of 1st period - Stopped by Marc Denis.
10:36 of 1st period - Ryan Spooner wins face-off versus Cody Hodgson in Patriotes zone.
10:40 of 1st period - Slapshot by Cody Hodgson.
10:40 of 1st period - Stopped by Marek Schwarz with a rebound.
10:44 of 1st period - Snap shot by Sergei Kostitsyn.
10:44 of 1st period - Stopped by Marek Schwarz with a rebound.
10:46 of 1st period - Snap shot by Cody Hodgson.
10:46 of 1st period - Stopped by Marek Schwarz with a rebound.
10:48 of 1st period - Wrist shot by Logan Stephenson.
10:48 of 1st period - Stopped by Marek Schwarz with a rebound.
10:50 of 1st period - Slapshot by Sergei Kostitsyn.
10:50 of 1st period - Shot Blocked by Brett Skinner.
11:02 of 1st period - Josh Hennessy is hit by Mattias Weinhandl and loses puck.
11:10 of 1st period - Off-side.
11:11 of 1st period - Cody Hodgson wins face-off versus Zenon Konopka in neutral zone.
11:22 of 1st period - Wrist shot by Mattias Weinhandl.
11:22 of 1st period - Shot Blocked by Cody Hodgson.
11:24 of 1st period - Snap shot by Tomas Kurka.
11:24 of 1st period - Shot Misses the Net.
11:33 of 1st period - Off-side.
11:34 of 1st period - Ryan Spooner wins face-off versus Josh Hennessy in neutral zone.
12:03 of 1st period - Icing by Cody Hodgson.
12:04 of 1st period - Cody Hodgson wins face-off versus Mattias Weinhandl in Senators zone.
13:44 of 1st period - Slapshot by Andy Hilbert.
13:44 of 1st period - Shot Misses the Net.
13:46 of 1st period - Wrist shot by Milan Jurcina.
13:46 of 1st period - Stopped by Marek Schwarz with a rebound.
13:48 of 1st period - Snap shot by Marc-André Bernier.
13:48 of 1st period - Shot Misses the Net.
13:50 of 1st period - Slapshot by Milan Jurcina.
13:50 of 1st period - Deflect By Jordie Benn.
13:50 of 1st period - Stopped by Marek Schwarz without a rebound.
13:51 of 1st period - Zenon Konopka wins face-off versus Cody Hodgson in Patriotes zone.
13:57 of 1st period - Icing by Arturs Kulda.
13:58 of 1st period - Cody Hodgson wins face-off versus Zenon Konopka in Senators zone.
14:03 of 1st period - Snap shot by Sergei Kostitsyn.
14:03 of 1st period - Shot Misses the Net.
14:13 of 1st period - Cody Hodgson is hit by Tom Preissing and loses puck.
15:30 of 1st period - Wrist shot by Stanislav Chistov.
15:30 of 1st period - Shot Misses the Net.
15:32 of 1st period - Wrist shot by Stanislav Chistov.
15:32 of 1st period - Shot Misses the Net.
15:34 of 1st period - Slapshot by Cody Hodgson.
15:34 of 1st period - Goal by Cody Hodgson - Patriotes : 0 - Senators : 2.
15:35 of 1st period - Jack Skille wins face-off versus Ryan Spooner in neutral zone.
15:44 of 1st period - Slapshot by Josh Hennessy.
15:44 of 1st period - Stopped by Marek Schwarz with a rebound.
15:46 of 1st period - Wrist shot by Jaden Schwartz.
15:46 of 1st period - Shot Blocked by Fedor Fedorov.
16:32 of 1st period - Snap shot by Marc-André Bernier.
16:32 of 1st period - Shot Misses the Net.
19:11 of 1st period - Jordie Benn is hit by Logan Stephenson and loses puck.
Goals for this period are 0 for Patriotes vs 2 for Senators.
Shots for this period are 8 for Patriotes vs 18 for Senators.

2nd period


0:01 of 2nd period - Zenon Konopka wins face-off versus Cody Hodgson in neutral zone.
0:16 of 2nd period - Slapshot by Stanislav Chistov.
0:16 of 2nd period - Stopped by Marek Schwarz without a rebound.
0:17 of 2nd period - Ryan Spooner wins face-off versus Josh Hennessy in Patriotes zone.
0:35 of 2nd period - Icing by Josh Hennessy.
0:36 of 2nd period - Zenon Konopka wins face-off versus Josh Hennessy in Senators zone.
0:43 of 2nd period - Wrist shot by Mattias Weinhandl.
0:43 of 2nd period - Stopped by Marc Denis with a rebound.
1:05 of 2nd period - Off-side.
1:06 of 2nd period - Cody Hodgson wins face-off versus Ryan Spooner in neutral zone.
1:56 of 2nd period - Joe Charlebois is hit by Josh Hennessy and loses puck.
2:05 of 2nd period - Wrist shot by Jaden Schwartz.
2:05 of 2nd period - Shot Misses the Net.
2:22 of 2nd period - Wrist shot by Gabriel Bourque.
2:22 of 2nd period - Stopped by Marek Schwarz with a rebound.
2:43 of 2nd period - Timothy Kunes is hit by Andy Hilbert and loses puck.
3:02 of 2nd period - Snap shot by Jack Skille.
3:02 of 2nd period - Shot Misses the Net.
3:15 of 2nd period - Icing by Ryan Spooner.
3:16 of 2nd period - Nick Bjugstad wins face-off versus Ryan Spooner in Patriotes zone.
3:51 of 2nd period - Ryan Spooner is hit by Josh Hennessy.
4:01 of 2nd period - Timothy Kunes is hit by Sergei Kostitsyn and loses puck.
4:20 of 2nd period - Tom Preissing is hit by Cody Hodgson and loses puck.
4:27 of 2nd period - Sergei Kostitsyn is hit by Lauri Tukonen and loses puck.
4:49 of 2nd period - Off-side.
4:50 of 2nd period - Josh Hennessy wins face-off versus Zenon Konopka in neutral zone.
5:00 of 2nd period - Off-side.
5:01 of 2nd period - Josh Hennessy wins face-off versus Tomas Kurka in neutral zone.
5:04 of 2nd period - Mattias Weinhandl is hit by Jack Skille.
5:12 of 2nd period - Jordie Benn is hit by Josh Hennessy and loses puck.
5:36 of 2nd period - Snap shot by Tom Preissing.
5:36 of 2nd period - Shot Misses the Net.
6:29 of 2nd period - Mark Olver is hit by Mattias Weinhandl and loses puck.
7:04 of 2nd period - Slapshot by Matt Frattin.
7:04 of 2nd period - Stopped by Marek Schwarz with a rebound.
7:06 of 2nd period - Slapshot by Logan Stephenson.
7:06 of 2nd period - Shot Blocked by Jordie Benn.
7:08 of 2nd period - Snap shot by Nick Bjugstad.
7:08 of 2nd period - Shot Blocked by Jordie Benn.
7:41 of 2nd period - Slapshot by Sergei Kostitsyn.
7:41 of 2nd period - Deflect By Stanislav Chistov.
7:41 of 2nd period - Stopped by Marek Schwarz with a rebound.
9:14 of 2nd period - Austin Watson is hit by Matt Frattin and loses puck.
9:37 of 2nd period - Matt Calvert is hit by Arturs Kulda and loses puck.
11:04 of 2nd period - Slapshot by Nick Bjugstad.
11:04 of 2nd period - Shot Misses the Net.
11:06 of 2nd period - Slapshot by Patrick Wey.
11:06 of 2nd period - Stopped by Marek Schwarz with a rebound.
11:08 of 2nd period - Snap shot by Matt Frattin.
11:08 of 2nd period - Shot Misses the Net.
14:34 of 2nd period - Wrist shot by Cody Hodgson.
14:34 of 2nd period - Stopped by Marek Schwarz with a rebound.
14:36 of 2nd period - Snap shot by Milan Jurcina.
14:36 of 2nd period - Stopped by Marek Schwarz with a rebound.
14:38 of 2nd period - Snap shot by Milan Jurcina.
14:38 of 2nd period - Stopped by Marek Schwarz with a rebound.
15:32 of 2nd period - Fedor Fedorov is hit by Cody Hodgson and loses puck.
16:11 of 2nd period - Slapshot by Gabriel Bourque.
16:11 of 2nd period - Goal by Gabriel Bourque - Patriotes : 0 - Senators : 3.
16:12 of 2nd period - Stanislav Chistov wins face-off versus Tomas Kurka in neutral zone.
16:15 of 2nd period - Slapshot by Sergei Kostitsyn.
16:15 of 2nd period - Stopped by Marek Schwarz with a rebound.
16:35 of 2nd period - Fedor Fedorov is hit by Logan Stephenson and loses puck.
17:00 of 2nd period - Slapshot by Timothy Kunes.
17:00 of 2nd period - Shot Misses the Net.
17:02 of 2nd period - Snap shot by Jared Knight.
17:02 of 2nd period - Shot Misses the Net.
17:04 of 2nd period - Wrist shot by Matt Calvert.
17:04 of 2nd period - Stopped by Marc Denis with a rebound.
17:06 of 2nd period - Slapshot by Joe Charlebois.
17:06 of 2nd period - Shot Blocked by Gabriel Bourque.
17:08 of 2nd period - Slapshot by Zack Stortini.
17:08 of 2nd period - Stopped by Marc Denis with a rebound.
17:31 of 2nd period - Snap shot by Stanislav Chistov.
17:31 of 2nd period - Shot Blocked by Lauri Tukonen.
18:06 of 2nd period - Logan Stephenson is hit by Matt Calvert and loses puck.
18:25 of 2nd period - Slapshot by Milan Jurcina.
18:25 of 2nd period - Shot Misses the Net.
18:27 of 2nd period - Slapshot by Gabriel Bourque.
18:27 of 2nd period - Shot Blocked by Tomas Kurka.
18:29 of 2nd period - Wrist shot by Gabriel Bourque.
18:29 of 2nd period - Shot Misses the Net.
18:53 of 2nd period - Wrist shot by Lauri Tukonen.
18:53 of 2nd period - Shot Blocked by Shane Sims.
18:55 of 2nd period - Snap shot by Anthony Bitetto.
18:55 of 2nd period - Stopped by Marc Denis with a rebound.
19:21 of 2nd period - Lauri Tukonen is hit by Nick Bjugstad and loses puck.
19:58 of 2nd period - Jaden Schwartz is hit by Jared Knight and loses puck.
Goals for this period are 0 for Patriotes vs 1 for Senators.
Shots for this period are 4 for Patriotes vs 10 for Senators.

3rd period


0:01 of 3rd period - Zenon Konopka wins face-off versus Sergei Kostitsyn in neutral zone.
0:01 of 3rd period - Zenon Konopka is hit by Stanislav Chistov.
0:13 of 3rd period - Slapshot by Tomas Kurka.
0:13 of 3rd period - Shot Misses the Net.
0:15 of 3rd period - Slapshot by Tomas Kurka.
0:15 of 3rd period - Shot Hit the Post.
0:38 of 3rd period - Shane Sims is hit by Fedor Fedorov and loses puck.
0:49 of 3rd period - Matt Calvert is hit by Arturs Kulda and loses puck.
0:50 of 3rd period - Matt Calvert from Patriotes is injured at 0:50 of 3rd period (Sprained Right Ankle).
0:51 of 3rd period - Zenon Konopka wins face-off versus Cody Hodgson in Patriotes zone.
2:03 of 3rd period - Wrist shot by Cody Hodgson.
2:03 of 3rd period - Shot Blocked by Joe Charlebois.
2:09 of 3rd period - Slapshot by Timothy Kunes.
2:09 of 3rd period - Deflect By Zack Stortini.
2:09 of 3rd period - Goal by Zack Stortini - Patriotes : 1 - Senators : 3.
2:10 of 3rd period - Mattias Weinhandl wins face-off versus Cody Hodgson in neutral zone.
2:17 of 3rd period - Snap shot by Mattias Weinhandl.
2:17 of 3rd period - Stopped by Marc Denis with a rebound.
2:19 of 3rd period - Slapshot by Brett Skinner.
2:19 of 3rd period - Shot Misses the Net.
2:21 of 3rd period - Slapshot by Tomas Kurka.
2:21 of 3rd period - Shot Blocked by Shane Sims.
2:23 of 3rd period - Wrist shot by Brett Skinner.
2:23 of 3rd period - Stopped by Marc Denis with a rebound.
2:25 of 3rd period - Snap shot by Mattias Weinhandl.
2:25 of 3rd period - Deflect By Tomas Kurka.
2:25 of 3rd period - Shot Blocked by Shane Sims.
2:25 of 3rd period - Puck is out of play.
2:26 of 3rd period - Ryan Spooner wins face-off versus Josh Hennessy in Senators zone.
2:33 of 3rd period - Snap shot by Fedor Fedorov.
2:33 of 3rd period - Stopped by Marc Denis without a rebound.
2:34 of 3rd period - Ryan Spooner wins face-off versus Jack Skille in Senators zone.
2:47 of 3rd period - Backhand shot by Fedor Fedorov.
2:47 of 3rd period - Deflect By Ryan Spooner.
2:47 of 3rd period - Stopped by Marc Denis without a rebound.
2:48 of 3rd period - Zenon Konopka wins face-off versus Cody Hodgson in Senators zone.
2:51 of 3rd period - Wrist shot by Tomas Kurka.
2:51 of 3rd period - Shot Misses the Net.
3:09 of 3rd period - Minor Penalty to Logan Stephenson for Roughing.
3:10 of 3rd period - Sergei Kostitsyn wins face-off versus Zenon Konopka in Senators zone.
3:15 of 3rd period - Wrist shot by Sergei Kostitsyn.
3:15 of 3rd period - Shot Misses the Net.
4:10 of 3rd period - Icing by Tomas Kurka.
4:11 of 3rd period - Tomas Kurka wins face-off versus Mark Olver in Patriotes zone.
5:09 of 3rd period - Penalty to Logan Stephenson is over, Logan Stephenson is back on ice.
6:38 of 3rd period - Icing by Austin Watson.
6:39 of 3rd period - Nick Bjugstad wins face-off versus Zenon Konopka in Patriotes zone.
7:18 of 3rd period - Snap shot by Tom Preissing.
7:18 of 3rd period - Stopped by Marc Denis with a rebound.
7:24 of 3rd period - Slapshot by Arturs Kulda.
7:24 of 3rd period - Deflect By Josh Hennessy.
7:24 of 3rd period - Stopped by Marek Schwarz with a rebound.
7:26 of 3rd period - Snap shot by Jaden Schwartz.
7:26 of 3rd period - Goal by Jaden Schwartz - Patriotes : 1 - Senators : 4.
7:27 of 3rd period - Tomas Kurka wins face-off versus Cody Hodgson in neutral zone.
7:36 of 3rd period - Slapshot by Tomas Kurka.
7:36 of 3rd period - Shot Misses the Net.
7:38 of 3rd period - Backhand shot by Mattias Weinhandl.
7:38 of 3rd period - Deflect By Tomas Kurka.
7:38 of 3rd period - Shot Misses the Net.
7:38 of 3rd period - Puck is out of play.
7:39 of 3rd period - Sergei Kostitsyn wins face-off versus Zenon Konopka in Senators zone.
8:25 of 3rd period - Nick Bjugstad is hit by Zack Stortini and loses puck.
8:34 of 3rd period - Snap shot by Tom Preissing.
8:34 of 3rd period - Stopped by Marc Denis without a rebound.
8:35 of 3rd period - Cody Hodgson wins face-off versus Zenon Konopka in Senators zone.
8:35 of 3rd period - Cody Hodgson is hit by Tomas Kurka.
8:44 of 3rd period - Minor Penalty to Timothy Kunes for Cross-checking.
8:45 of 3rd period - Tomas Kurka wins face-off versus Cody Hodgson in Patriotes zone.
8:45 of 3rd period - Tomas Kurka is hit by Cody Hodgson.
8:58 of 3rd period - Tomas Kurka is hit by Logan Stephenson and loses puck.
9:22 of 3rd period - Brett Skinner is hit by Josh Hennessy and loses puck.
9:39 of 3rd period - Wrist shot by Fedor Fedorov.
9:39 of 3rd period - Shot Misses the Net.
10:44 of 3rd period - Penalty to Timothy Kunes is over, Timothy Kunes is back on ice.
10:46 of 3rd period - Slapshot by Tom Preissing.
10:46 of 3rd period - Stopped by Marc Denis without a rebound.
10:47 of 3rd period - Jared Knight wins face-off versus Nick Bjugstad in Senators zone.
10:48 of 3rd period - Snap shot by Fedor Fedorov.
10:48 of 3rd period - Stopped by Marc Denis with a rebound.
10:50 of 3rd period - Slapshot by Anthony Bitetto.
10:50 of 3rd period - Shot Misses the Net.
10:52 of 3rd period - Slapshot by Anthony Bitetto.
10:52 of 3rd period - Stopped by Marc Denis with a rebound.
11:05 of 3rd period - Off-side.
11:06 of 3rd period - Zenon Konopka wins face-off versus Mark Olver in neutral zone.
11:55 of 3rd period - Wrist shot by Jaden Schwartz.
11:55 of 3rd period - Stopped by Marek Schwarz with a rebound.
11:57 of 3rd period - Slapshot by Josh Hennessy.
11:57 of 3rd period - Stopped by Marek Schwarz with a rebound.
12:18 of 3rd period - Minor Penalty to Timothy Kunes for Hooking.
12:19 of 3rd period - Tomas Kurka wins face-off versus Cody Hodgson in Patriotes zone.
12:24 of 3rd period - Icing by Cody Hodgson.
12:25 of 3rd period - Cody Hodgson wins face-off versus Tomas Kurka in Senators zone.
12:25 of 3rd period - Cody Hodgson is hit by Tomas Kurka.
14:18 of 3rd period - Penalty to Timothy Kunes is over, Timothy Kunes is back on ice.
14:35 of 3rd period - Backhand shot by Andy Hilbert.
14:35 of 3rd period - Stopped by Marek Schwarz with a rebound.
14:37 of 3rd period - Snap shot by Jack Skille.
14:37 of 3rd period - Shot Misses the Net.
15:28 of 3rd period - Jared Knight is hit by Arturs Kulda and loses puck.
15:41 of 3rd period - Wrist shot by Andy Hilbert.
15:41 of 3rd period - Shot Misses the Net.
15:43 of 3rd period - Snap shot by Andy Hilbert.
15:43 of 3rd period - Deflect By Josh Hennessy.
15:43 of 3rd period - Shot Blocked by Anthony Bitetto.
15:43 of 3rd period - Puck is out of play.
15:44 of 3rd period - Zenon Konopka wins face-off versus Stanislav Chistov in Patriotes zone.
15:51 of 3rd period - Slapshot by Sergei Kostitsyn.
15:51 of 3rd period - Stopped by Marek Schwarz with a rebound.
15:53 of 3rd period - Snap shot by Stanislav Chistov.
15:53 of 3rd period - Stopped by Marek Schwarz without a rebound.
15:54 of 3rd period - Cody Hodgson wins face-off versus Zenon Konopka in Patriotes zone.
15:57 of 3rd period - Snap shot by Sergei Kostitsyn.
15:57 of 3rd period - Stopped by Marek Schwarz with a rebound.
15:59 of 3rd period - Slapshot by Stanislav Chistov.
15:59 of 3rd period - Shot Hit the Post.
16:01 of 3rd period - Snap shot by Cody Hodgson.
16:01 of 3rd period - Shot Misses the Net.
16:03 of 3rd period - Slapshot by Milan Jurcina.
16:03 of 3rd period - Stopped by Marek Schwarz with a rebound.
16:05 of 3rd period - Snap shot by Logan Stephenson.
16:05 of 3rd period - Shot Blocked by Brett Skinner.
16:07 of 3rd period - Snap shot by Milan Jurcina.
16:07 of 3rd period - Stopped by Marek Schwarz without a rebound.
16:08 of 3rd period - Zenon Konopka wins face-off versus Cody Hodgson in Patriotes zone.
16:08 of 3rd period - Zenon Konopka is hit by Milan Jurcina.
16:24 of 3rd period - Slapshot by Tom Preissing.
16:24 of 3rd period - Shot Misses the Net.
19:02 of 3rd period - Icing by Ryan Spooner.
19:03 of 3rd period - Andy Hilbert wins face-off versus Zenon Konopka in Patriotes zone.
19:04 of 3rd period - Wrist shot by Mark Olver.
19:04 of 3rd period - Stopped by Marek Schwarz without a rebound.
19:05 of 3rd period - Mark Olver wins face-off versus Zenon Konopka in Patriotes zone.
Goals for this period are 1 for Patriotes vs 1 for Senators.
Shots for this period are 10 for Patriotes vs 11 for Senators.